Map: Newkirk Precinct TE

Players

Leenock

  • Race: Zerg Zerg
  • Spawn Location: 7:00

Trust - Winner!

  • Race: Protoss Protoss
  • Spawn Location: 5:00

Event: IEM Season 11 - Gyeonggi

VOD

Have the link to the VOD?

Description

Time

  • Played on: Dec. 14, 2016, 12:55 a.m.
  • Length: 8:44

All games in this series

Show
View Real Time Build Order
Export as new Build Order

Leenock Zerg 

Build Orders: Hatch First 

Get SALT Encoding   

  12  0:00  Drone  
  13  0:13  Overlord  
  13  0:18  Drone  
  14  0:31  Drone x2  
  16  0:36  Drone  
  17  0:52  Hatchery  
  17  0:56  Drone  
  17  0:59  Drone  
  18  1:10  Extractor  
  17  1:15  Spawning Pool  
  17  1:18  Drone  
  17  1:21  Drone  
  18  1:29  Drone  
  19  1:39  Drone  
  20  1:50  Hatchery  
  20  1:52  Drone  
  20  2:00  Drone  
  21  2:05  Queen  
  23  2:09  Drone  
  24  2:15  Metabolic Boost  
  24  2:20  Drone  
  25  2:25  Overlord  
  25  2:30  Drone  
  25  2:32  Zergling x2  
  25  2:34  Zergling x2  
  30  2:45  Queen  
  30  2:48  Pneumatized Carapace  
  30  2:50  Drone  
  31  2:53  Drone  
  31  2:57  Drone  
  34  2:58  Drone  
  34  3:03  Drone x2  
  36  3:18  Spore Crawler  
  36  3:19  Drone  
  35  3:22  Drone x3  
  35  3:25  Drone x2  
  40  3:27  Queen  
  40  3:31  Overlord  
  42  3:36  Spore Crawler  
  42  3:38  Spore Crawler  
  42  3:40  Spore Crawler  
  39  3:43  Drone  
  40  3:50  Drone x2  
  40  3:51  Drone  
  40  3:52  Drone  
  40  3:54  Drone  
  45  3:59  Drone  
  45  4:00  Drone x2  
  47  4:04  Drone  
  47  4:05  Drone  
  47  4:09  Drone, Overlord  
  50  4:16  Overlord  
  50  4:19  Lair  
  50  4:23  Evolution Chamber  
  49  4:30  Zergling x10  
  49  4:31  Zergling x2  
  53  4:34  Zergling x2  
  53  4:35  Zergling x2  
  53  4:36  Zergling x2  
  56  4:40  Drone x2  
  56  4:43  Overlord  
  58  4:48  Zerg Missile Weapons Level 1  
  58  4:51  Overlord x2  
  58  5:01  Roach Warren  
  58  5:03  Drone  
  58  5:06  Drone x2  
  58  5:07  Drone  
  61  5:08  Drone x2  
  61  5:10  Extractor x2  
  61  5:15  Drone x2  
  61  5:20  Overlord  
  63  5:23  Zergling x16  
  71  5:43  Roach x9  
  71  5:44  Extractor  
  71  5:47  Glial Reconstitution  
  71  5:49  Zergling x4  
  90  5:51  Overlord  
  90  5:55  Overlord  
  90  6:01  Overlord  
  90  6:02  Overlord  
  90  6:14  Roach x5, Zergling x4  
  98  6:32  Zergling x8  
  93  6:33  Zergling x6  
  93  6:34  Ravager x3  
  93  6:35  Zergling x4  
  93  6:38  Zergling x2  
  98  6:40  Zergling x2  
  98  6:41  Zergling x2  
  98  6:42  Zergling x2  
  94  6:48  Zergling x4  
  94  6:52  Zergling x2  
  81  6:58  Zergling x2  
  81  6:59  Zergling x2  
  77  7:05  Zergling x2  
  77  7:07  Zergling x4  
  63  7:13  Zergling x4  
  63  7:15  Zergling x2  
  57  7:19  Zergling x2  
  57  7:20  Roach  
  56  7:30  Drone  
  56  7:31  Ravager  
  56  7:32  Ravager  
  59  7:39  Roach, Zergling x2  
  59  7:40  Roach, Zergling x2  
  63  7:44  Roach  
  63  7:45  Roach  
  66  7:53  Roach x2  
  65  7:59  Roach x2  
  65  8:03  Roach  
  58  8:15  Zergling x2  
  58  8:16  Zergling x8  
  49  8:24  Zergling x2  
  49  8:25  Zergling x4  
Show
View Real Time Build Order
Export as new Build Order

Trust Protoss - Winner!

Build Orders: 1 Gate Expand, Oracle Opening 

Get SALT Encoding   

  12  0:00  Probe (Chrono Boost)  
  13  0:11  Probe (Chrono Boost)  
  14  0:17  Pylon  
  14  0:22  Probe (Chrono Boost)  
  15  0:36  Gateway, Probe (Chrono Boost)  
  16  0:43  Assimilator  
  16  0:46  Probe (Chrono Boost)  
  18  0:57  Probe (Chrono Boost)  
  18  1:07  Probe (Chrono Boost)  
  19  1:20  Nexus  
  19  1:30  Cybernetics Core  
  19  1:33  Probe (Chrono Boost)  
  20  1:42  Assimilator  
  20  1:44  Probe (Chrono Boost)  
  21  1:51  Pylon  
  21  1:54  Probe (Chrono Boost)  
  22  2:05  Probe (Chrono Boost)  
  22  2:06  Warp Gate  
  23  2:09  Adept (Chrono Boost)  
  25  2:16  Probe  
  26  2:23  Stargate  
  26  2:28  Probe  
  27  2:34  Probe, Adept (Chrono Boost)  
  30  2:41  Probe  
  31  2:45  Probe (Chrono Boost)  
  32  2:53  Probe (Chrono Boost)  
  32  2:57  Probe (Chrono Boost)  
  34  3:04  Probe (Chrono Boost)  
  35  3:06  Oracle (Chrono Boost), Probe (Chrono Boost)  
  39  3:17  Probe  
  40  3:24  Probe  
  40  3:26  Gateway  
  39  3:28  Gateway  
  39  3:29  Probe  
  39  3:31  Pylon  
  40  3:35  Probe  
  40  3:36  Twilight Council  
  41  3:41  Probe (Chrono Boost)  
  41  3:45  Assimilator  
  41  3:46  Probe (Chrono Boost)  
  43  3:53  Probe (Chrono Boost)  
  44  4:03  Robotics Facility, Blink (Chrono Boost)  
  44  4:04  Probe x2 (Chrono Boost)  
  46  4:16  Probe  
  46  4:18  Assimilator, Probe  
  46  4:19  Pylon  
  48  4:31  Stalker  
  48  4:32  Stalker x2  
  48  4:33  Pylon  
  54  4:44  Gateway  
  54  4:46  Gateway  
  54  4:47  Gateway  
  54  4:48  Gateway  
  54  4:54  Warp Prism (Chrono Boost)  
  56  5:02  Sentry x3  
  56  5:04  Pylon  
  62  5:09  Pylon  
  62  5:24  Pylon  
  62  5:33  Stalker x3  
  68  5:37  Pylon  
  68  5:48  Stalker x4  
  76  6:00  Stalker x3  
  82  6:04  Pylon  
  79  6:28  Stalker x4  
  79  6:29  Stalker x2  
  79  6:32  Adept  
  87  6:41  Pylon  
  81  6:55  Stalker x5  
  75  7:11  Adept x2  
  57  7:32  Stalker x7  
  69  7:58  Stalker x3  
  69  7:59  Stalker x2  
  69  8:01  Stalker x2  
  77  8:22  Stalker x2  
  77  8:23  Stalker x3  
  79  8:31  Stalker  
  77  8:32  Stalker  

Tags
 
Add a new tag
Caveats
  • Supply blocks, unpowered buildings, or Contaminate may cause inaccurate times.
  • Supply counts are checked every 10 seconds.